AoeStats
← 陟遐自迩

MegaRandom

509413894Analyzed
4v4 RM · 5d ago on Sep 26, 2026· 42m 21s· 8 players
Game mode
Random Map
Map size
Large (8 player)
Population
200
Speed
Normal
Resources
Standard
Victory
Conquest
Starting age
Dark Age
Ending age
Imperial Age
RankedLock teamsTeams togetherTeam positionsShared explorationLock speedFull tech treeHidden civsTurbo modeCheats
Victory
Defeat
🇺🇸 Persians · United States
1033
+14
🇩🇪 Varangians · Germany
1009
+15
🇵🇪 Bohemians · Peru
1007
+15
🇫🇷 Huns · France
936
+19
🇹🇷 Franks · Türkiye
1000
-16
🇬🇧 Inca · United Kingdom
990
-16
🇬🇧 Danes · United Kingdom
985
-16
🇫🇷 Teutons · France
975
-15
IdleBonobo
12:20 Feudal Age
10:36 Loom
16:38 Castle Age
14:57 Horse Collar
15:06 Double-Bit Axe
15:36 Forging
15:31 Scale Barding Armor
15:30 Scale Mail Armor
22:35 Arson
23:30 Squires
24:31 Iron Casting
26:16 Chain Mail Armor
27:50 Wheelbarrow
27:00 Town Watch
27:29 Bow Saw
31:42 Imperial Age
30:48 Gold Mining
30:51 Stone Mining
32:14 Gold Shaft Mining
32:18 Stone Shaft Mining
31:50 Onager
33:16 Plate Mail Armor
33:47 Blast Furnace
35:00 Northmen's Fury
38:10 Siege Onager
LiMe86
2:57 Loom
12:21 Feudal Age
12:44 Horse Collar
13:00 Double-Bit Axe
14:06 Wheelbarrow
19:44 Castle Age
19:50 Forging
19:41 Scale Mail Armor
19:42 Gold Mining
19:43 Stone Mining
20:25 Heavy Plow
20:36 Bow Saw
21:33 Hand Cart
22:02 Gold Shaft Mining
22:02 Town Watch
22:57 Iron Casting
22:38 Chain Mail Armor
27:05 Imperial Age
27:11 Imperial Age
28:12 Conscription
28:54 Blast Furnace
28:25 Plate Mail Armor
28:42 Crop Rotation
29:53 Elite Kamayuk
32:29 Fabric Shields
md
AnArKy
0:42 Loom
12:02 Feudal Age
12:35 Double-Bit Axe
12:34 Horse Collar
18:43 Castle Age
17:03 Scale Mail Armor
17:14 Gold Mining
17:33 Stone Mining
17:49 Arson
19:47 Squires
20:06 Heavy Plow
20:41 Bow Saw
26:48 Imperial Age
24:57 Wheelbarrow
24:45 Forging
26:12 Stone Shaft Mining
26:18 Chain Mail Armor
27:40 Iron Casting
29:41 Two-Man Saw
29:51 Conscription
31:23 Chemistry
31:33 Elite Teutonic Knight
35:30 Pikeman
36:01 Halberdier
untouchable0627
1:25 Loom
11:54 Feudal Age
12:00 Feudal Age
12:26 Horse Collar
12:35 Double-Bit Axe
13:27 Wheelbarrow
12:50 Man-at-Arms
14:03 Gold Mining
14:43 Arson
14:52 Town Watch
15:17 Stone Mining
16:04 Scale Mail Armor
17:52 Forging
17:47 Scale Barding Armor
18:35 Scale Barding Armor
21:24 Castle Age
19:37 Fletching
19:47 Padded Archer Armor
21:11 Bloodlines
22:15 Bow Saw
22:04 Bodkin Arrow
22:25 Leather Archer Armor
22:43 Crossbowman
23:23 Gambesons
24:24 Squires
24:41 Thumb Ring
25:13 Caravan
27:16 Iron Casting
26:57 Chain Mail Armor
27:48 Chain Mail Armor
27:58 Husbandry
28:38 Murder Holes
29:06 Kamandaran
35:57 Imperial Age
37:49 Conscription
37:11 Heavy Camel Rider
40:02 Citadels
40:21 Sappers
42:22 Ballistics
43:03 Chemistry
42:36 Plate Mail Armor
42:26 Chain Barding Armor
Carlossoriasilveyra
1:17 Loom
12:37 Feudal Age
14:42 Wheelbarrow
14:42 Double-Bit Axe
14:51 Stone Mining
15:00 Gold Mining
18:04 Castle Age
16:47 Wheelbarrow
18:30 Scale Barding Armor
18:36 Forging
18:17 Fletching
19:11 Bow Saw
19:52 Chain Barding Armor
22:20 Hand Cart
24:33 Iron Casting
24:35 Town Watch
25:51 Horse Collar
29:15 Imperial Age
27:36 Town Patrol
27:58 Bloodlines
27:48 Husbandry
28:27 Heavy Plow
28:38 Marauders
30:37 Conscription
31:21 Blast Furnace
31:01 Plate Barding Armor
30:37 Elite Tarkan
32:47 Two-Man Saw
36:03 Gold Shaft Mining
Jc
2:47 Loom
13:08 Feudal Age
19:33 Castle Age
20:42 Double-Bit Axe
25:31 Imperial Age
25:38 Imperial Age
23:44 Wheelbarrow
26:08 Chemistry
26:27 Forging
26:08 Fletching
30:17 Bow Saw
32:24 Conscription
32:33 Conscription
32:20 Wagenburg Tactics
32:20 Padded Archer Armor
32:16 Bodkin Arrow
33:48 Leather Archer Armor
39:04 Hand Cart
38:34 Town Watch
38:27 Houfnice
40:29 Ballistics
40:17 Siege Engineers
40:26 Fortified Wall
40:12 Murder Holes
40:31 Masonry
41:46 Town Patrol
41:08 Elite Skirmisher
41:08 Crossbowman
41:12 Capped Ram
陟遐自迩
0:44 Loom
12:53 Feudal Age
13:57 Horse Collar
18:08 Castle Age
16:43 Double-Bit Axe
18:18 Wheelbarrow
18:23 Bloodlines
18:31 Forging
18:28 Scale Barding Armor
19:45 Bow Saw
20:00 Stone Mining
20:03 Gold Mining
20:37 Heavy Plow
21:53 Stone Shaft Mining
22:49 Iron Casting
27:21 Imperial Age
25:10 Husbandry
26:20 Hand Cart
25:51 Town Watch
26:48 Chain Barding Armor
27:53 Squires
27:39 Arson
27:15 Vendel Legacy
29:03 Crop Rotation
29:35 Two-Man Saw
29:20 Conscription
28:33 Cavalier
31:32 Blast Furnace
31:22 Plate Barding Armor
31:20 Gothikon
32:23 Elite Varangian Guard
32:50 Gambesons
33:07 Scale Mail Armor
36:38 Ballistics
37:19 Chemistry
36:53 Siege Engineers
38:41 Chain Mail Armor
39:26 Caravan
42:36 Plate Mail Armor
Connection lost

Rejoining the realm…

Still unreachable

The connection could not be restored.

Session expired

The server has moved on; the page needs a fresh start.